 Dungeon Crawl Stone Soup version 0.30-a0-920-g7493c07aab (webtiles) character file.

Game seed: 3200277614393613573

177 ragingrage the Slasher (level 5, -5/38 HPs)
             Began as a Human Warper on Mar 21, 2023.
             Was an Initiate of Hepliaklqana.
             Splashed by a jelly's acid (8 damage)
             ... on level 3 of the Dungeon.
             The game lasted 00:05:48 (3214 turns).

ragingrage the Slasher (Human Warper)               Turns: 3214, Time: 00:05:49

Health: -5/38      AC: -1    Str: 11    XL:     5   Next: 88%
Magic:  8/8        EV: 10    Int: 14    God:    Hepliaklqana [......]
Gold:   175        SH:  0    Dex: 14    Spells: 4/8 levels left

rFire   . . .      SeeInvis .    a - +0 falchion
rCold   . . .      Faith    .    (no shield)
rNeg    . . .      Spirit   .    s - +0 ring mail
rPois   .          Reflect  .    (no helmet)
rElec   .          Rampage  .    (no cloak)
rCorr   .                        r - +0 pair of gloves
Will    .....                    (no boots)
Stlth   +                        (no amulet)
HPRegen 0.26/turn                (no ring)
MPRegen 0.11/turn                (no ring)

@: corroded
A: no striking features
a: Renounce Religion


You were on level 3 of the Dungeon.
You worshipped Hepliaklqana.
Hepliaklqana was noncommittal.
You visited 1 branch of the dungeon, and saw 4 of its levels.

You collected 175 gold pieces.

Inventory:

Hand Weapons
 a - a +0 falchion (weapon)
 b - a +0 sling
Missiles
 d - a boomerang of dispersal (quivered)
 o - 3 javelins
 p - 2 poisoned darts
Armour
 r - a +0 pair of gloves (worn)
 s - a +0 ring mail (worn)
Jewellery
 i - a ring of fire
Wands
 m - a wand of flame (8)
Scrolls
 c - 2 scrolls of blinking
 e - a scroll of identify
 g - a scroll of silence
 l - a scroll of enchant weapon {unknown}
 n - a scroll of enchant armour {unknown}
Potions
 f - a potion of curing
 j - a potion of attraction {unknown}
 q - a potion of mutation {unknown}


   Skills:
 - Level 2.0 Fighting
 + Level 5.2 Long Blades
 - Level 1.0 Throwing
 - Level 1.0 Armour
 - Level 2.0 Dodging
 - Level 2.0 Stealth
 - Level 2.0 Spellcasting
 - Level 3.0 Translocations


You had 4 spell levels left.
You knew the following spells:

 Your Spells              Type           Power      Damage    Failure   Level
a - Blink                 Tloc           18%        N/A       24%         2
b - Lesser Beckoning      Tloc           18%        N/A       24%         2

Your spell library contained the following spells:

 Spells                   Type           Power      Damage    Failure   Level
 Teleport Other           Tloc           9%         N/A       43%         3
 Cigotuvi's Dreadful Rot  Necr/Pois/Air  2%         N/A       63%         2
 Vhi's Electric Charge    Tloc/Air       10%        N/A       65%         3
 Manifold Assault         Tloc           9%         N/A       85%         4
 Dispel Undead            Necr           1%         3d6       99%         4
 Death Channel            Necr           0%         N/A       100%        6


Dungeon Overview and Level Annotations

Branches:
Dungeon (4/15)
 Temple: D:4-7

Altars:
Hepliaklqana
Kikubaaqudgha
Qazlal
Ru
Uskayaw

Portals:
Abyss: D:3

Annotations:
D:2 Jessica
D:3 1 transporter, Nabski's ghost, amateur TeFE


Message History

You slash the frilled lizard!
You kill the frilled lizard!
You see here a frilled lizard corpse.
An iguana is nearby!
The iguana hisses angrily.
The bat hits you but does no damage.
You hit the bat.
You kill the bat!
You swing at nothing.
You swing at nothing.
You swing at nothing.
You hit the iguana. The iguana closely misses you.
The jelly quivers.
You hit the iguana but do no damage. The iguana closely misses you.
You barely miss the iguana. The iguana closely misses you.
You hit the iguana but do no damage.
The iguana bites you but does no damage.
You hit the iguana but do no damage. Your punch misses the iguana.
The iguana barely misses you.
You hit the iguana but do no damage. The iguana bites you.
You slash the iguana! The iguana bites you!
You barely miss the iguana. The iguana barely misses you.
You hit the iguana but do no damage. You punch the iguana, but do no damage.
The iguana closely misses you.
You hit the iguana. The iguana bites you!
You hit the iguana but do no damage. The iguana bites you.
The iguana bites you!
* * * LOW HITPOINT WARNING * * *
You hit the iguana.
You kill the iguana!
Your Long Blades skill increases to level 5!
You hit the jelly. The acid corrodes you!
Your hands burn!
* * * LOW HITPOINT WARNING * * *
The jelly hits you but does no damage.
You hit the jelly but do no damage.
Your hands burn!
* * * LOW HITPOINT WARNING * * *
The jelly hits you.
* * * LOW HITPOINT WARNING * * *
The acid corrodes you!
You are splashed with acid!
You die...

#.......##........########
##.###...###.######
..###.#...###.#
......#...#...# ####
.^^#.##...†.### ♣♣♣..# #.
#...#..### ♣♣..♣.# .#
##...##...# ♣♣..♣♣.#
#.##....##.#..# ♣...♣.>♣♣♣
K.#.....J@.##...♣..♣♣♣♣...
^.#.....########♣8......♣♣
#.###.......... ♣_..⌠.♣♣♣
#. #.......... ♣8.....♣♣
##
#W##...#######♣..♣♣♣♣.♣♣
#.#
#5#.l##......♣♣.♣♣.♣...
##..##:##.....?.##
#♣♣.♣.♣♣♣♣
#....###....)....# #.♣.♣.#
# .................#
#.♣♣..#


You could see a jelly.

Vanquished Creatures
  A jelly (D:4)
  2 iguanas
  2 adders
  A worm (D:2)
  A dart slug (D:3)
  8 orcs (D:3)
  5 bats
  8 endoplasms
  A giant cockroach (D:2)
  4 goblins
  4 hobgoblins
  6 jackals
  2 quokkas (D:3)
  7 ball pythons
  3 frilled lizards
  4 kobolds
  2 rats
61 creatures vanquished.

Notes
Turn   | Place    | Note
-------+----------+-------------------------------------------
     0 | D:1      | ragingrage the Human Warper began the quest for the Orb.
     0 | D:1      | Reached XP level 1. HP: 16/16 MP: 3/3
   317 | D:1      | Reached XP level 2. HP: 17/22 MP: 5/5
   494 | D:1      | Reached skill level 1 in Stealth
  1016 | D:1      | Learned a level 2 spell: Blink
  1019 | D:1      | Learned a level 2 spell: Lesser Beckoning
  1081 | D:2      | Noticed Jessica
  1243 | D:1      | Reached XP level 3. HP: 7/27 MP: 6/6
  1636 | D:2      | Found a sacrificial altar of Ru.
  1708 | D:2      | Became a worshipper of Ru the Awakened
  1741 | D:2      | Reached skill level 3 in Long Blades
  1871 | D:2      | Reached XP level 4. HP: 13/33 MP: 7/7
  2455 | D:3      | Reached skill level 4 in Long Blades
  2646 | D:3      | Reached XP level 5. HP: 15/38 MP: 8/8
  2677 | D:4      | HP: 1/38 [ball python (3)]
  2680 | D:4      | Noticed an orc warrior
  2700 | D:3      | Found a one-way gate to the infinite horrors of the Abyss.
  2700 | D:3      | Noticed Nabski's ghost (amateur TeFE)
  2702 | D:3      | Noticed a small abomination
  2705 | D:3      | Found a transporter.
  2879 | D:4      | Found a hazy altar of Hepliaklqana.
  2887 | D:4      | Found a hide-covered altar of Uskayaw.
  2887 | D:4      | Found an ancient bone altar of Kikubaaqudgha.
  2892 | D:4      | Found a stormy altar of Qazlal.
  2908 | D:4      | Fell from the grace of Ru
  2908 | D:4      | Became a worshipper of Hepliaklqana the Forgotten
  2988 | D:3      | Found a faded altar of an unknown god.
  3213 | D:3      | Reached skill level 5 in Long Blades
  3214 | D:3      | Splashed by a jelly's acid

Illustrated notes

Levels and vault maps discovered:
D:1:      lemuel_arrival_behind_the_door_large, layout_basic,
          serial_bayou_pond_c
D:2:      layout_basic, basic_altar, uniq_jessica
D:3:      layout_rooms, kennysheep_okawaru_gauntlet,
          gammafunk_ghost_abyssal_escape,
          shapermc_ecumenical_altar_totnotflames, grunt_ministairs_14
D:4:      layout_basic, minitemple, general_overflow_altar

Skill      XL: |  1  2  3  4  5 |
---------------+----------------+-----
Stealth        | 1 2 |  2.0
Long Blades    | 3 4 5 |  5.2
Fighting       | |  2.0
Throwing       | |  1.0
Armour         | |  1.0
Dodging        | |  2.0
Spellcasting   | |  2.0
Translocations | |  3.0

Action                     |  1- 3 |  4- 6 || total
---------------------------+-------+-------++-------
  Melee: Falchion          |    74 |   115 ||   189
         Punch             |       |     2 ||     2
   Fire: Sling             |    16 |     1 ||    17
  Throw: Boomerang         |     6 |       ||     6
         Javelin           |       |     3 ||     3
  Evoke: Wand              |     1 |     2 ||     3
    Use: Scroll            |       |     3 ||     3
         Potion            |       |     3 ||     3
   Stab: Sleeping          |     2 |     2 ||     4
 Armour: Leather armour    |    38 |    37 ||    75
         Ring mail         |       |     5 ||     5
  Dodge: Dodged            |    54 |   116 ||   170

Table legend: (Time is in decaauts)
 A = Elapsed time spent in this place.
 B = Non-inter-level travel time spent in this place.
 C = Inter-level travel time spent in this place.
 D = Time resting spent in this place.
 E = Time spent auto-exploring this place.
 F = Levels seen in this place.
 G = Mean time per level.
                   A        B        C        D        E       F      G
               +--------+--------+--------+--------+--------+-----+--------+
         Total |   3255 |   3087 |    168 |    537 |   1832 |   4 |  813.8 |
       Dungeon |   3255 |   3087 |    168 |    537 |   1832 |   4 |  813.8 |
               +--------+--------+--------+--------+--------+-----+--------+

Top non-repeatable levels by time:
     D:1: 1331 daAuts
     D:2: 1034 daAuts
     D:3: 623 daAuts
     D:4: 266 daAuts
